AoeStats
← 玩印度的哥们硬不起来

Arena

509427245Analyzed
2v2 RM · 5d ago on Sep 26, 2026· 33m 42s· 4 players
Game mode
Random Map
Map size
Medium (4 player)
Population
200
Speed
Normal
Resources
Standard
Victory
Conquest
Starting age
Dark Age
Ending age
Imperial Age
RankedLock teamsTeams togetherTeam positionsShared explorationLock speedFull tech treeHidden civsTurbo modeCheats
Victory
Defeat
🇦🇷 Sicilians · Argentina
1515
+13
🇵🇪 Spanish · Peru
1391
+18
🇩🇪 Khmer · Germany
1450
-16
1436
-15
玩印度的哥们硬不起来
3:51 Loom
11:56 Feudal Age
15:28 Castle Age
13:52 Double-Bit Axe
15:12 Horse Collar
23:44 Fletching
23:20 Elite Skirmisher
24:49 Bodkin Arrow
26:15 Ballistics
34:59 Imperial Age
33:27 Bow Saw
Inf3ctedPenguin
9:56 Feudal Age
13:37 Castle Age
11:58 Double-Bit Axe
12:19 Horse Collar
14:28 Bow Saw
26:33 Loom
ZEAN430
10:15 Feudal Age
15:09 Castle Age
13:22 Horse Collar
13:29 Double-Bit Axe
14:01 Stone Mining
16:31 Loom
17:22 Wheelbarrow
17:19 Padded Archer Armor
19:51 Bloodlines
19:41 Husbandry
21:32 Bow Saw
22:11 Leather Archer Armor
26:35 Hand Cart
30:30 Imperial Age
28:42 Husbandry
30:26 Scale Barding Armor
30:32 Forging
31:45 Ring Archer Armor
34:05 Conscription
34:09 Chain Barding Armor
34:25 Iron Casting
IA (versión en CD)
10:10 Feudal Age
14:07 Castle Age
12:59 Loom
14:00 Fletching
21:05 Bodkin Arrow
21:24 Double-Bit Axe
32:15 Bow Saw
34:01 Horse Collar
Connection lost

Rejoining the realm…

Still unreachable

The connection could not be restored.

Session expired

The server has moved on; the page needs a fresh start.